 Dungeon Crawl Stone Soup version 0.27.1-3-gb3d3a73c9e (webtiles) character file.

Game seed: 17057221186432476042

1154 H0rd4k the Charlatan (level 8, -4/57 HPs)
             Began as a Human Artificer on Oct 12, 2021.
             Was an Initiate of Gozag.
             Killed from afar by Erica (23 damage)
             ... with a lance of force
             ... while paralysed by Erica
             ... on level 8 of the Dungeon.
             The game lasted 00:11:50 (6408 turns).

H0rd4k the Charlatan (Human Artificer)              Turns: 6408, Time: 00:11:50

Health: -4/57      AC: 13    Str: 14    XL:     8   Next: 65%
Magic:  8/8        EV:  2    Int: 12    God:    Gozag
Gold:   471        SH:  0    Dex: 14    Spells: 7/7 levels left

rFire    x . .     SeeInvis .   y - +2 falchion (protect)
rCold    + . .     Faith    .   (no shield)
rNeg     . . .     Spirit   .   D - +0 leather armour {rPois}
rPois    +         Reflect  .   (no helmet)
rElec    .         Harm     .   z - scarf {repulsion}
rCorr    .         Rampage  .   x - +2 pair of gloves
Will     .....                  (no boots)
Stlth    +.........             c - amulet of regeneration
HPRegen  1.19/turn              b - ring of ice
MPRegen  0.11/turn              l - +4 ring of evasion

@: paralysed, gold aura, under a protective aura, studying Crossbows, repel
missiles
A: no striking features
a: Renounce Religion, Potion Petition, Call Merchant, Bribe Branch


You were on level 8 of the Dungeon.
You worshipped Gozag.
Gozag was aware of your devotion.
You visited 2 branches of the dungeon, and saw 9 of its levels.
You also visited: Sewer.

You collected 501 gold pieces.
You paid 30 gold pieces to Gozag.

Inventory:

Hand Weapons
 j - a +0 dagger
 y - a +2 falchion of protection (weapon)
Missiles
 f - 50 poisoned darts (quivered)
Armour
 i - a +0 pair of gloves
 k - a +1 leather armour of cold resistance
 x - a +2 pair of gloves (worn)
 z - a scarf of repulsion (worn)
 D - a +0 leather armour of poison resistance (worn)
Jewellery
 b - a ring of ice (left hand)
 c - an amulet of regeneration (around neck)
 l - a +4 ring of evasion (right hand)
 r - an amulet of faith
Wands
 o - a wand of polymorph (8)
 w - a wand of digging (8)
Scrolls
 a - 5 scrolls of identify
 g - a scroll of acquirement {unknown}
 p - a scroll of enchant weapon
 q - a scroll of immolation {unknown}
 s - a scroll of fog {unknown}
 t - 3 scrolls of teleportation {unknown}
 B - a scroll of enchant armour {unknown}
Potions
 h - a potion of lignification
 m - a potion of cancellation {unknown}
 n - a potion of curing
 u - 2 potions of heal wounds {unknown}
 v - 2 potions of haste
 C - a potion of might {unknown}
Miscellaneous
 e - a piece from Xom's chessboard (13/15)


   Skills:
 + Level 2.9 Fighting
 + Level 4.8(5.2) Short Blades
 + Level 2.5(4.0) Long Blades
 + Level 3.4 Throwing
 - Level 2.2 Armour
 + Level 4.4 Dodging
 - Level 1.0 Stealth
 + Level 4.9 Evocations


You had 7 spell levels left.
You didn't know any spells.
Your spell library contained the following spells:

 Spells                   Type           Power      Damage    Failure   Level
 Cause Fear               Hex            0%         N/A       99%         4
 Dragon Form              Tmut           0%         N/A       100%        7
 Dragon's Call            Summ           0%         N/A       100%        9


Dungeon Overview and Level Annotations

Branches:
Dungeon (9/15)             Temple (1/1) D:4           Sewer (visited)
   Lair: D:8-11         Orc: D:9-12

Altars:
Ashenzari
Elyvilon
Fedhas
Gozag
Hepliaklqana
Kikubaaqudgha
Makhleb
Nemelex Xobeh
Okawaru
Ru
Sif Muna
Trog
Uskayaw
Vehumet
Wu Jian
Yredelemnul

Annotations:
D:4 exclusion: downstairs
D:5 exclusions: ice beast and water moccasin
D:8 exclusion: downstairs, Erica


Message History

The bolt of poison hits you. You resist.
The bolt of poison hits the shadow imp!
The shadow imp is poisoned.
The shadow imp is no longer distracted by gold.
The shadow imp barely misses you.
You can move again.
You closely miss something. Something hits you! Something burns you.
* * * LOW HITPOINT WARNING * * *
The shadow imp hits you but does no damage.
Unknown command.
It was a potion of curing.
You feel better. Something barely misses you.
The shadow imp closely misses you.
You hit the shadow imp but do no damage.
Your weapon exudes an aura of protection.
The shadow imp is almost dead.
You hear a zap.
Something tries to affect you, but you resist.
The shadow imp misses you.
You riposte.
You hit the shadow imp but do no damage.
The shadow imp is almost dead.
Okay, then.
As you read the scroll labelled CYUNAJU FISKI, it crumbles to dust.
It is a scroll of enchant weapon.
Your +1 falchion of protection glows red for a moment.
Something hits you. Something burns you. The shadow imp closely misses you.
You riposte.
You hit the shadow imp but do no damage.
The shadow imp is almost dead.
As you read the scroll labelled FEPIPI ATOSI, it crumbles to dust.
It is a scroll of identify.
h - a potion of lignification The shadow imp dies!
The shadow imp gestures at you. Pain shoots through your body!
You hear a zap.
You suddenly lose the ability to move!
The now-empty wand crumbles to dust.
You hear some strange, mumbled words.
A lance of force appears from out of thin air!
The lance of force hits you!!
You die...
Your body crumbles into a pile of gold.

... .... ...#
...#### #.(..# ###
#....# #.#
#....#####.#########
+....5@{zzz.......>#
#$...#####.#.#######
#....# #.#.# #....#
#z#.# #....# #...#
...#+## #.#.# ..#.
#@#.# ..... #.#<.
##.. ..#.#.


You could see 3 wights and a shadow imp.

Vanquished Creatures
  A hornet (D:9)
  Purgy (Sewer)
  An ogre (D:4)
  A sky beast (D:4)
  2 phantoms (D:6)
  A kobold brigand (D:9)
  A scorpion (D:4)
  A water moccasin zombie (D:3)
  A killer bee (D:9)
  A centaur skeleton (D:5)
  5 gnolls
  3 iguanas
  2 orc wizards (D:5)
  A hound skeleton (D:4)
  5 adders
  An adder zombie (D:5)
  An adder skeleton (D:4)
  5 orcs
  7 ball pythons
  9 bats
  2 endoplasms
  4 giant cockroaches
  3 goblins
  4 hobgoblins
  6 jackals
  6 kobolds
  2 quokkas (D:2)
  A frilled lizard (D:2)
  5 rats
83 creatures vanquished.

Vanquished Creatures (collateral kills)
  A phantom (D:6)
  A wyvern skeleton (D:5)
  3 gnolls (D:2)
  A worm (D:3)
  An orc (D:6)
  A rat (D:3)
8 creatures vanquished.

Vanquished Creatures (others)
  2 wights (D:8)
  A shadow imp (D:8)
  A giant cockroach (D:6)
  A kobold (D:3)
5 creatures vanquished.

Grand Total: 96 creatures vanquished

Notes
Turn   | Place    | Note
-------+----------+-------------------------------------------
     0 | D:1      | H0rd4k the Human Artificer began the quest for the Orb.
     0 | D:1      | Reached XP level 1. HP: 15/15 MP: 1/1
    13 | D:1      | Noticed a floating eye
    18 | D:1      | Noticed an eye of devastation
   242 | D:1      | Found a faded altar of an unknown god.
   284 | D:1      | Reached XP level 2. HP: 21/21 MP: 2/2
   298 | D:1      | Noticed a shining eye
   299 | D:1      | Noticed a shining eye
   962 | D:2      | Reached XP level 3. HP: 21/26 MP: 3/3
  1524 | D:2      | Reached skill level 1 in Short Blades
  1582 | D:2      | Reached XP level 4. HP: 32/32 MP: 4/4
  2303 | D:3      | Reached XP level 5. HP: 37/37 MP: 5/5
  2333 | D:3      | Noticed an ogre
  2956 | D:4      | Noticed a steam dragon
  2957 | D:4      | Noticed a sky beast
  2957 | D:4      | a steam dragon changed into a sky beast
  2967 | D:4      | Killed a sky beast
  2968 | D:4      | Reached XP level 6. HP: 23/43 MP: 6/6
  3396 | D:4      | Reached skill level 1 in Throwing
  3428 | D:4      | Noticed an ogre
  3487 | D:4      | Killed an ogre
  3811 | D:4      | Reached XP level 7. HP: 49/49 MP: 7/7
  4130 | D:4      | Found a staircase to the Ecumenical Temple.
  4140 | Temple   | Entered the Ecumenical Temple
  4173 | Temple   | Became a worshipper of Gozag Ym Sagoz the Greedy
  4287 | D:5      | Entered Level 5 of the Dungeon
  4353 | D:5      | Noticed a water moccasin
  4383 | D:5      | Found a burning altar of Makhleb.
  4969 | D:5      | HP: 1/50 [iguana (3)]
  5724 | D:6      | Reached XP level 8. HP: 56/56 MP: 8/8
  5797 | D:6      | Found a glowing drain.
  5807 | Sewer    | Entered a sewer
  5833 | Sewer    | Noticed Purgy
  5882 | Sewer    | Killed Purgy
  5942 | D:6      | Reached skill level 1 in Long Blades
  6160 | D:6      | You fall into a shaft and drop 3 floors!
  6257 | D:9      | Noticed a hornet
  6260 | D:9      | Killed a hornet
  6372 | D:8      | Noticed Erica
  6397 | D:8      | Paralysed by something for 6 turns
  6407 | D:8      | Paralysed by something for 6 turns
  6408 | D:8      | Killed from afar by Erica

Illustrated notes

Levels and vault maps discovered:
D:1:      amcnicky_arrival_choice, layout_rooms,
          hellmonk_ecumenical_altar_watching_god
D:2:      wander_river, layout_loops_ring
D:3:      layout_loops_ring
D:4:      layout_gridville, temple_green
D:5:      layout_basic, lightli_temple_of_fire
D:6:      layout_loops_corners, portal_sewer_entry_a, serial_shops, shop
D:8:      layout_basic, st_stairs_10, minivault_11, kennysheep_crisscross,
          grunt_ministairs_9, uniq_erica
D:9:      layout_basic, minivault_10, grunt_ministairs_7, st_stairs_2
Temple:   regret_index_temple_sigil_plot

Skill      XL: |  1  2  3  4  5  6  7  8 |
---------------+-------------------------+-----
Short Blades   | 1 2 3 4 |  4.8
Evocations     | 4 |  4.9
Dodging        | 2 3 4 |  4.4
Throwing       | 2 3 |  3.4
Fighting       | 2 |  2.9
Long Blades    | 2 |  2.5
Armour         | |  2.2
Stealth        | |  1.0

Action                   |  1- 3 |  4- 6 |  7- 9 || total
-------------------------+-------+-------+-------++-------
Melee: Club              |    35 |       |       ||    35
       Dagger            |   127 |   114 |   141 ||   382
       Falchion          |       |       |    65 ||    65
Throw: Dart              |     1 |    33 |    32 ||    66
Evoke: Wand              |     3 |    15 |    19 ||    37
       Piece from Xom's  |       |       |     2 ||     2
  Use: Scroll            |       |       |     2 ||     2
       Potion            |       |       |     1 ||     1
 Stab: Sleeping          |     2 |     1 |       ||     3
       Distracted        |       |       |     1 ||     1
Armor: Leather armour    |    57 |    17 |    49 ||   123
Dodge: Dodged            |   146 |    95 |   200 ||   441
       Repelled          |       |       |     1 ||     1
       Rpst.: Falchion   |       |       |    37 ||    37
